 Dungeon Crawl Stone Soup version 0.26.1-11-gd32895ea62 (webtiles) character file.

Game seed: 11845662147437710452

2741 bnorton916 the Thaumaturge (level 9, -3/45 HPs)
             Began as a Deep Elf Conjurer on July 23, 2021.
             Was an Initiate of Sif Muna.
             Killed from afar by Maggie (20 damage)
             ... with a bolt of fire
             ... on level 7 of the Dungeon.
             The game lasted 00:14:27 (10802 turns).

bnorton916 the Thaumaturge (Deep Elf Conjurer)     Turns: 10802, Time: 00:14:28

Health: -3/45      AC:  5    Str:  4    XL:     9   Next: 40%
Magic:  17/24      EV: 13    Int: 27    God:    Sif Muna [......]
Gold:   282        SH:  0    Dex: 13    Spells: 12/26 levels left

rFire    . . .     SeeInvis .   b - +1 dagger (protect)
rCold    . . .     Faith    .   (no shield)
rNeg     . . .     Spirit   .   a - +0 robe
rPois    .         Reflect  .   p - +0 helmet
rElec    .         Harm     .   j - +0 cloak
rCorr    .         Rampage  .   u - +0 pair of gloves
Will     .....                  (no boots)
Stlth    ++........             (no amulet)
HPRegen  0.15/turn              (no ring)
MPRegen  0.19/turn              (no ring)

@: mesmerised
A: no striking features
a: Renounce Religion


You were on level 7 of the Dungeon.
You worshipped Sif Muna.
Sif Muna was noncommittal.
You visited 1 branch of the dungeon, and saw 7 of its levels.
You also visited: Sewer.

You collected 282 gold pieces.

Inventory:

Hand Weapons
 b - a +1 dagger of protection (weapon)
 v - a +0 bardiche
 z - a +6 club
 E - a +5 dagger
 F - a +5 spear of freezing
Missiles
 f - 169 stones
Armour
 a - a +0 robe (worn)
 j - a +0 cloak (worn)
 p - a +0 helmet (worn)
 u - a +0 pair of gloves (worn)
Jewellery
 D - an uncursed ring of protection from fire {unknown}
Wands
 y - a wand of digging (9)
Scrolls
 c - 4 scrolls of remove curse
 d - 6 scrolls of identify
 h - 4 scrolls of teleportation
 i - 2 scrolls of noise
 l - a scroll of magic mapping
 q - a scroll of enchant armour {unknown}
 s - 2 scrolls of blinking
 w - a scroll of amnesia {unknown}
 C - a scroll of immolation {unknown}
Potions
 e - 2 potions of mutation {unknown}
 g - a potion of invisibility {unknown}
 k - a potion of berserk rage
 m - 3 potions of cancellation {unknown}
 n - 3 potions of attraction {unknown}
 o - 4 potions of haste {unknown}
 r - 4 potions of heal wounds {unknown}
 t - 2 potions of might {unknown}
 x - a potion of brilliance {unknown}
 A - a potion of magic {unknown}
 B - 2 potions of lignification {unknown}


   Skills:
 - Level 2.4 Dodging
 - Level 2.4 Stealth
 - Level 9.2 Spellcasting
 + Level 8.5 Conjurations
 - Level 6.5 Hexes
 - Level 5.4 Summonings
 + Level 0.0 Necromancy
 - Level 5.3 Translocations


You had 12 spell levels left.
You knew the following spells:

 Your Spells              Type           Power        Failure   Level
a - Magic Dart            Conj           100%         1%          1
b - Searing Ray           Conj           100%         1%          2
c - Fulminant Prism       Conj/Hex       26%          1%          4
d - Iskenderun's Mystic   Conj/Tloc      50%          2%          4
e - Summon Small Mammal   Summ           100%         1%          1
f - Corona                Hex            52%          1%          1
g - Animate Skeleton      Necr           24%          4%          1

Your spell library contained the following spells:

 Spells                   Type           Power        Failure   Level
 Apportation              Tloc           82%          1%          1
 Dazzling Flash           Conj/Hex       100%         1%          3


Dungeon Overview and Level Annotations

Branches:
Dungeon (7/15)              Sewer (visited)
 Temple: D:4-7

Altars:
Qazlal
Ru
Sif Muna
Trog
The Shining One

Annotations:
D:7 Maggie


Message History

Maggie is lightly wounded.
The searing ray hits Maggie.
Maggie is lightly wounded.
Maggie casts a spell at you. The bolt of fire hits you!!
Ouch! That really hurt!
You are no longer entranced.
Maggie casts a spell.
Maggie attempts to bespell you!
You are mesmerised by Maggie!
You cannot move away from Maggie!
Casting: Searing Ray (safe; 1% risk of failure)
Confirm with . or Enter, or press ? or * to list all spells.
Aiming: Fulminant Prism (dangerous; 1% risk of failure)
Press: ? - help, Dir - move target, p - Maggie You conjure a prism of explosive energy!
A fulminant prism comes into view.
Maggie points at you and mumbles some strange words.
The bolt of fire hits you!!
You die...

..... ..W...
#...### #...# #
#.# .# #@### ..#
#...# ####..#
#####.#
##.<..####@..@*#
#..#####...#####
#........###
......########
######


You could see Maggie (mesmerising) and a friendly fulminant prism.

Vanquished Creatures
  Grinder (D:3)
  Sigmund (D:6)
  Edmund (D:5)
  An orc warrior (D:6)
  3 sky beasts
  3 ogres
  A centaur (D:5)
  3 bullfrogs
  8 wights (D:6)
  3 howler monkeys
  5 orc priests
  5 hounds
  An iron imp (D:5)
  2 jellies (D:5)
  2 orc wizards
  Ijyb (D:5)
  4 worker ants
  A hound zombie (D:6)
  A howler monkey zombie (D:5)
  Robin (D:3)
  4 gnolls
  A howler monkey skeleton (D:4)
  4 adders
  2 river rats (D:6)
  A white imp (D:6)
  An ufetubus (D:6)
  11 oozes
  A worm (D:6)
  2 dart slugs (D:1)
  14 leopard geckos
  20 orcs
  11 giant cockroaches
  13 goblins
  3 hobgoblins
  3 jackals (D:6)
  7 kobolds
  5 quokkas
  11 ball pythons
  A ball python skeleton (D:4)
  6 bats
  12 frilled lizards
  3 goblin zombies (D:5)
  4 hobgoblin zombies (D:5)
  4 kobold zombies (D:5)
  A leopard gecko skeleton (D:4)
  An orc skeleton (D:5)
  An orc zombie (D:5)
  A quokka skeleton (D:5)
  7 rats
203 creatures vanquished.

Vanquished Creatures (others)
  5 fulminant prisms
5 creatures vanquished.

Grand Total: 208 creatures vanquished

Notes
Turn   | Place    | Note
-------+----------+-------------------------------------------
     0 | D:1      | bnorton916 the Deep Elf Conjurer began the quest for the
                  | Orb.
     0 | D:1      | Reached XP level 1. HP: 10/10 MP: 6/6
     2 | D:1      | Noticed a gargoyle
     2 | D:1      | Noticed a dwarf
     4 | D:1      | Noticed a formicid
     4 | D:1      | Noticed a merfolk
     6 | D:1      | Noticed a human
     6 | D:1      | Noticed a demonspawn
     8 | D:1      | Noticed an ogre
    10 | D:1      | Noticed a troll
    10 | D:1      | Noticed a centaur
    13 | D:1      | Noticed a tengu
    13 | D:1      | Noticed a minotaur
    15 | D:1      | Noticed an elf
    15 | D:1      | Noticed a naga
    18 | D:1      | Noticed a spriggan
    18 | D:1      | Noticed a vampire
    20 | D:1      | Noticed a ghoul
    20 | D:1      | Noticed a demigod
    22 | D:1      | Noticed a vine stalker
    26 | D:1      | Noticed an octopode
    26 | D:1      | Noticed a draconian
    28 | D:1      | Noticed a felid
    28 | D:1      | Noticed a halfling
   212 | D:1      | Reached XP level 2. HP: 15/15 MP: 5/8
   951 | D:2      | Learned a level 2 spell: Searing Ray
  1054 | D:2      | Reached skill level 4 in Spellcasting
  1279 | D:2      | Reached skill level 5 in Conjurations
  1279 | D:2      | Reached XP level 3. HP: 19/19 MP: 7/10
  1887 | D:3      | Noticed Grinder
  1924 | D:3      | Noticed Robin
  1926 | D:3      | Killed Robin
  2201 | D:3      | Paralysed by Grinder for 3 turns
  2210 | D:3      | Killed Grinder
  2211 | D:3      | Reached skill level 6 in Spellcasting
  2211 | D:3      | Reached XP level 4. HP: 15/24 MP: 2/14
  2211 | D:3      | Reached XP level 5. HP: 17/28 MP: 2/15
  2429 | D:2      | Learned a level 4 spell: Fulminant Prism
  2434 | D:2      | Learned a level 4 spell: Iskenderun's Mystic Blast
  2436 | D:2      | Learned a level 1 spell: Summon Small Mammal
  2653 | D:3      | Noticed an ogre
  2656 | D:3      | Found a sacrificial altar of Ru.
  2662 | D:3      | Killed an ogre
  2663 | D:3      | Reached skill level 1 in Hexes
  2663 | D:3      | Reached XP level 6. HP: 32/32 MP: 12/17
  2697 | D:3      | Reached skill level 1 in Summonings
  2697 | D:3      | Reached skill level 1 in Translocations
  2912 | D:3      | Found a bloodstained altar of Trog.
  3459 | D:3      | Reached XP level 7. HP: 16/36 MP: 4/19
  4061 | D:4      | Found a stormy altar of Qazlal.
  4398 | D:4      | Reached skill level 7 in Spellcasting
  4539 | D:5      | Entered Level 5 of the Dungeon
  5136 | D:5      | Learned a level 1 spell: Corona
  5338 | D:5      | Noticed Ijyb
  5346 | D:5      | Killed Ijyb
  5491 | D:5      | Reached XP level 8. HP: 20/41 MP: 17/21
  5654 | D:5      | Noticed Edmund
  5668 | D:5      | Killed Edmund
  6259 | D:5      | Found a glowing golden altar of the Shining One.
  6383 | D:5      | Reached skill level 8 in Spellcasting
  6810 | D:6      | Reached skill level 5 in Hexes
  6940 | D:6      | Found a glowing drain.
  6951 | Sewer    | Entered a sewer
  8853 | D:6      | Noticed Sigmund
  8872 | D:6      | Killed Sigmund
  9315 | D:6      | Reached XP level 9. HP: 45/45 MP: 18/23
  9440 | D:6      | Reached skill level 5 in Summonings
  9488 | D:6      | Reached skill level 5 in Translocations
  9743 | D:6      | Reached skill level 9 in Spellcasting
 10724 | D:6      | Found a shimmering blue altar of Sif Muna.
 10727 | D:6      | Became a worshipper of Sif Muna the Loreminder
 10730 | D:6      | Learned a level 1 spell: Animate Skeleton
 10790 | D:7      | Noticed Maggie
 10802 | D:7      | Killed from afar by Maggie

Illustrated notes

Levels and vault maps discovered:
D:1:      kb_arrival_jail, layout_loops_ring, minmay_split_cup_large
D:2:      layout_loops_corners
D:3:      layout_loops_ring, bloody_trog, hangedman_ru_absence,
          corexii_item_surrounded_by_moat, cheibrodos_gnoll_hut, uniq_grinder,
          uniq_robin
D:4:      cheibrodos_helix_gallery, layout_rooms, kennysheep_little_box
D:5:      layout_cave_pods, nicolae_tso_besieged_by_evil, uniq_edmund, uniq_ijyb
D:6:      layout_loops_ring, lemuel_blue_sif_altar, portal_sewer_entry_b,
          uniq_sigmund
D:7:      layout_rooms, overflow_temple_1_default, temple_statues, serial_shops,
          shop, uniq_maggie, uniq_crazy_yiuf_cottage

Skill      XL: |  1  2  3  4  5  6  7  8  9 |
---------------+----------------------------+-----
Spellcasting   | 4 6 7 8 9 |  9.2
Conjurations   | 5 6 7 8 |  8.5
Hexes          | 1 2 4 5 6 |  6.5
Summonings     | 1 3 4 5 |  5.4
Translocations | 1 3 4 5 |  5.3
Dodging        | |  2.4
Stealth        | |  2.4

Action                   |  1- 3 |  4- 6 |  7- 9 || total
-------------------------+-------+-------+-------++-------
 Cast: Magic Dart        |    45 |    49 |   259 ||   353
       Searing Ray       |     3 |     6 |    41 ||    50
       Fulminant Prism   |       |       |     6 ||     6
       Iskenderun's Myst |       |       |     1 ||     1
  Use: Scroll            |       |       |     7 ||     7
Armor: Robe              |     2 |       |    18 ||    20
Dodge: Dodged            |     9 |     9 |    44 ||    62
